 Dungeon Crawl Stone Soup version 0.29.0-4-gdea44cf6ec (webtiles) character file.

Game seed: 8300507604957470112

164 qw the Sneak (level 5, 0/32 HPs)
             Began as a Gargoyle Delver on Sept 10, 2022.
             Slain by a gnoll
             ... wielding a +0 flail
              (1 damage)
             ... on level 3 of the Dungeon.
             The game lasted 00:00:29 (1198 turns).

qw the Sneak (Gargoyle Delver)                      Turns: 1198, Time: 00:00:29

Health: 0/32       AC:  9    Str: 17    XL:     5   Next: 45%
Magic:  5/5        EV: 10    Int: 11    God:
Gold:   16         SH:  0    Dex: 11    Spells: 4/4 levels left

rFire   . . .      SeeInvis .   Y - +0 hand axe (freeze)
rCold   . . .      Faith    .   (no shield)
rNeg    + . .      Spirit   .   c - +0 ring mail
rPois   inf        Reflect  .   (no helmet)
rElec   +          Harm     .   (no cloak)
rCorr   .          Rampage  .   (no gloves)
Will    .....                   (no boots)
Stlth   ++........              (no amulet)
HPRegen 0.10/turn               (no ring)
MPRegen 0.09/turn               (no ring)

@: no status effects
A: sickness immunity, AC +4, negative energy resistance 1, electricity
resistance, torment resistance 1, petrification resistance
a: no special abilities


You were on level 3 of the Dungeon.
You visited 1 branch of the dungeon, and saw 3 of its levels.

You collected 16 gold pieces.


Innate Abilities, Weirdness & Mutations

You are immune to sickness and miasma.
Your stone body is resilient. (AC +4)
You are immune to poison.
You resist negative energy. (rN+)
You are resistant to electric shocks. (rElec)
You are resistant to unholy torment.
You are immune to petrification.


   Skills:
 - Level 3.2 Fighting
 + Level 4.8 Axes
 - Level 1.0 Armour
 - Level 1.5 Dodging
 - Level 5.4 Stealth


You had 4 spell levels left.
You didn't know any spells.
Your spell library was empty.

Inventory:

Hand Weapons
 j - a +0 flail
 Y - a +0 hand axe of freezing (weapon)
Armour
 c - a +0 ring mail (worn)
Wands
 g - a wand of digging (3)
Potions
 f - a potion of haste

Dungeon Overview and Level Annotations

Branches:
Dungeon (5/15)
 Temple: D:4-7

Altars:
Uskayaw

Annotations:
D:3 Ijyb


Message History

You hit the hobgoblin. You freeze the hobgoblin.
A goblin comes into view. It is wielding a +0 dagger.
The hobgoblin misses you.
Your Armour skill increases to level 1!
The goblin shouts!
You hit the hobgoblin. You freeze the hobgoblin.
You kill the hobgoblin!
An endoplasm comes into view.
An orc comes into view. It is wielding a +0 war axe.
Ijyb and an orc come into view.
Ijyb is wielding a +0 dagger and carrying a wand of acid (14).
Ijyb shouts!
The orc shouts!
The endoplasm quivers.
Items here: %% )).
You closely miss the gnoll. You hit the gnoll. You freeze the gnoll.
You barely miss the gnoll. The gnoll hits you but does no damage.
The gnoll hits you with a +0 club. The gnoll hits you but does no damage.
You hit the gnoll. You freeze the gnoll.
The gnoll is almost dead.
You barely miss the gnoll. You hit the gnoll. You freeze the gnoll.
The gnoll hits you with a +0 whip!
The gnoll hits you but does no damage. x2
You hit the gnoll. You freeze the gnoll.
You kill the gnoll!
You hit the gnoll but do no damage. You closely miss the gnoll.
The gnoll closely misses you. The gnoll hits you with a +0 club.
You barely miss the gnoll.
The gnoll is lightly wounded.
You hit the gnoll. You freeze the gnoll. The gnoll hits you with a +0 club.
The gnoll hits you with a +0 flail!
You closely miss the gnoll.
The gnoll is moderately wounded.
You hit the gnoll but do no damage. The gnoll completely misses you.
The gnoll hits you with a +0 flail.
You hit the gnoll. You freeze the gnoll.
The gnoll is heavily wounded.
You hit the gnoll but do no damage. The gnoll hits you with a +0 club.
The gnoll hits you but does no damage. The gnoll hits you with a +0 club.
The gnoll hits you with a +0 flail.
You die...

.. #. .. .###
# # ... ...#.
#.#
....og#)#####
....oog@..!>#
...?.Jg.###.#
####.o### #.#
#.. ... #.
#.## #. #.# #
..# ..#


You could see Ijyb, an orc wizard, 2 gnolls, 3 orcs and an endoplasm.

Vanquished Creatures
  A necrophage (D:5)
  An iguana (D:4)
  2 gnolls (D:3)
  3 adders
  8 orcs
  An endoplasm (D:3)
  A goblin (D:3)
  4 hobgoblins
  A kobold (D:4)
22 creatures vanquished.

Vanquished Creatures (others)
  2 plants (D:3)
2 creatures vanquished.

Grand Total: 24 creatures vanquished

Notes
Turn   | Place    | Note
-------+----------+-------------------------------------------
     0 | D:5      | qw the Gargoyle Delver began the quest for the Orb.
     0 | D:5      | Reached XP level 1. HP: 14/14 MP: 1/1
     0 | D:5      | 0 ||| qw: Version: 0.1-a-116-g5d60599
     0 | D:5      | 0 ||| qw: Game counter: 8621
     0 | D:5      | 0 ||| qw: Always use a shield: true
     0 | D:5      | 0 ||| qw: God list: Okawaru
     0 | D:5      | 0 ||| qw: Allow faded altars: false
     0 | D:5      | 0 ||| qw: Do Orc after D:15 true
     0 | D:5      | 0 ||| qw: Do second Lair branch before Depths: true
     0 | D:5      | 0 ||| qw: Lair rune preference: random
     0 | D:5      | 0 ||| qw: Plans: Normal
     0 | D:5      | 0 ||| PLANNING D:1-11
     8 | D:5      | Found a hide-covered altar of Uskayaw.
    59 | D:5      | Reached XP level 2. HP: 12/19 MP: 2/2
   214 | D:5      | Noticed a necrophage
   236 | D:5      | HP: 4/19 [necrophage (2)]
   239 | D:5      | Killed a necrophage
   240 | D:5      | Reached XP level 3. HP: 5/23 MP: 3/3
   240 | D:5      | Reached XP level 4. HP: 7/28 MP: 4/4
   492 | D:5      | 492 ||| Stepping ~*~*~tactically~*~*~ (stealth).
   494 | D:5      | 494 ||| Stepping ~*~*~tactically~*~*~ (stealth).
   495 | D:5      | 495 ||| Stepping ~*~*~tactically~*~*~ (stealth).
   677 | D:5      | 677 ||| DROPPING +0 mace.
   678 | D:5      | 678 ||| READING scroll labelled MALAXEUNES.
   679 | D:5      | 679 ||| DROPPING scroll of fog.
   680 | D:5      | 680 ||| DROPPING scroll of magic mapping.
   681 | D:5      | 681 ||| DROPPING scroll of fear.
   781 | D:4      | 781 ||| Stepping ~*~*~tactically~*~*~ (stealth).
   783 | D:4      | 783 ||| Stepping ~*~*~tactically~*~*~ (stealth).
   795 | D:4      | 795 ||| Stepping ~*~*~tactically~*~*~ (stealth).
   801 | D:4      | 801 ||| Stepping ~*~*~tactically~*~*~ (stealth).
   826 | D:4      | 826 ||| Stepping ~*~*~tactically~*~*~ (stealth).
   957 | D:4      | 957 ||| SWAPPING to +0 hand axe of freezing.
   958 | D:4      | 958 ||| DROPPING +0 hand axe.
   998 | D:4      | Reached XP level 5. HP: 30/32 MP: 5/5
  1035 | D:4      | 1035 ||| UPGRADING to +0 ring mail.
  1045 | D:4      | 1045 ||| DROPPING +0 leather armour.
  1046 | D:4      | 1046 ||| READING scroll labelled RUOLAN MEJO.
  1047 | D:4      | 1047 ||| READING scroll labelled UHAOHUEQIA.
  1191 | D:3      | Reached skill level 1 in Armour
  1192 | D:3      | Noticed Ijyb
  1196 | D:3      | HP: 8/32 [gnoll/+0 flail (8)]
  1198 | D:3      | HP: 1/32 [gnoll/+0 club (5)]
  1198 | D:3      | Slain by a gnoll

Levels and vault maps discovered:
D:3:      layout_basic, nicolae_elyvilon_peaceful_grove,
          mainiacjoe_overflow_chevrons, chequers_ecumenical_altar_grove,
          serial_shops, shop, nrook_mini_vaults, minivault_23,
          solitary_fountain, nicolae_grassy_gnolls, uniq_sigmund, uniq_ijyb
D:4:      layout_basic, nicolae_overflow_two_pavilions, kennysheep_dice,
          uniq_pikel
D:5:      layout_basic, kennysheep_orc_sif_temple, lemuel_tele_altar,
          minmay_temple_entry_proselytizer, serial_shops, nicolae_shop_trees,
          hangedman_decor_slide_cut, minmay_fractal_squares_5

Skill      XL: |  1  2  3  4  5 |
---------------+----------------+-----
Axes           | 2 4 |  4.8
Armour         | 1 |  1.0
Fighting       | |  3.2
Dodging        | |  1.5
Stealth        | |  5.4

Action                   |  1- 3 |  4- 6 || total
-------------------------+-------+-------++-------
Melee: Hand axe          |    33 |    79 ||   112
       Punch             |     1 |     1 ||     2
  Use: Scroll            |       |     3 ||     3
Armor: Leather armour    |    11 |    21 ||    32
       Ring mail         |       |    10 ||    10
Dodge: Dodged            |    23 |    36 ||    59

Table legend:
 A = Non-vault XP
 B = Vault XP
 C = Vault XP percentage of total XP
 D = Non-vault monster count
 E = Vault monster count
 F = Vault count percentage of total count
                 A         B        C        D         E       F
            +---------+---------+-------+---------+---------+-------
      Total |     235 |       0 |   0.0 |      22 |       0 |   0.0
            +---------+---------+-------+---------+---------+-------
        D:3 |      39 |       0 |   0.0 |       6 |       0 |   0.0
        D:4 |      68 |       0 |   0.0 |      10 |       0 |   0.0
        D:5 |     128 |       0 |   0.0 |       6 |       0 |   0.0
            +---------+---------+-------+---------+---------+-------
